 Dungeon Crawl Stone Soup version 0.30.0-5-g1a98f26d00 (webtiles) character file.

Game seed: 10369666040057282036

21 Tyszek the Sneak (level 2, 0/13 HPs)
             Began as a Spriggan Enchanter on May 10, 2023.
             Succumbed to an adder's poison
             ... on level 1 of the Dungeon.
             The game lasted 00:02:21 (799 turns).

Tyszek the Sneak (Spriggan Enchanter)                Turns: 799, Time: 00:02:22

Health: 0/13       AC:  2    Str:  4    XL:     2   Next: 62%
Magic:  1/6        EV: 17    Int: 16    God:
Gold:   58         SH:  0    Dex: 15    Spells: 4/6 levels left

rFire   . . .        a - +1 dagger
rCold   . . .        (no shield)
rNeg    . . .        b - +0 robe
rPois   .            (helmet restricted)
rElec   .            (no cloak)
rCorr   .            (gloves unavailable)
SInv    +            (boots unavailable)
Will    .....        (no amulet)
Stlth   +++          (no ring)
HPRegen 0.22/turn    (no ring)
MPRegen 0.10/turn

%: no passive effects
@: mighty, lethally poisoned (0 -> -1), very quick
A: very small, no large weapons, unfitting armour, see invisible, speed 3
a: no special abilities


You were on level 1 of the Dungeon.
You visited 1 branch of the dungeon, and saw 2 of its levels.

You collected 58 gold pieces.

Inventory:

Hand Weapons
 a - a +1 dagger (weapon)
Armour
 b - a +0 robe (worn)
Jewellery
 e - an amulet of guardian spirit
Scrolls
 f - a scroll of brand weapon {unknown}
 h - a scroll of poison {unknown}
Potions
 c - 2 potions of invisibility
 d - a potion of might
 g - a potion of resistance {unknown}
 i - 2 potions of cancellation {unknown}
 j - a potion of lignification {unknown}


   Skills:
 * Level 1.9 Short Blades
 - Level 2.6 Dodging
 + Level 5.5 Stealth
 - Level 2.6 Spellcasting
 - Level 3.6 Hexes


You had 4 spell levels left.
You knew the following spells:

 Your Spells              Type           Power      Damage    Failure   Level
a - Ensorcelled Hibernat  Hex/Ice        14%        N/A       14%         2

Your spell library contained the following spells:

 Spells                   Type           Power      Damage    Failure   Level
 Confusing Touch          Hex            13%        N/A       13%         3
 Tukima's Dance           Hex            13%        N/A       13%         3
 Dazzling Flash           Conj/Hex       14%        N/A       28%         3


Dungeon Overview and Level Annotations

Branches:
Dungeon (2/15)

Altars:


Innate Abilities, Weirdness & Mutations

You are very small and have problems with some larger weapons.
You are too small for most types of armour.
You have supernaturally acute eyesight. (SInv)
You cover ground extremely quickly. (Speed+++)


Message History

Confirm with . or Enter, or press ? or * to list all spells.
Aiming: Ensorcelled Hibernation (safe; 14% risk of failure)
Press: ? - help, Shift-Dir - straight line, f - adder
Aim: an adder (chance to affect: 50%)
You miscast Ensorcelled Hibernation.
You are very lightly contaminated with residual magic.
Nothing appears to happen.
Casting: Ensorcelled Hibernation (safe; 14% risk of failure)
Confirm with . or Enter, or press ? or * to list all spells.
You don't have enough magic to cast this spell.
Unknown command.
Unknown command.
You closely miss the adder. The adder bites you. x2
You barely miss the adder. The adder bites you.
Your magical contamination has completely faded away.
Casting: Ensorcelled Hibernation (safe; 14% risk of failure)
Confirm with . or Enter, or press ? or * to list all spells.
Aiming: Ensorcelled Hibernation (safe; 14% risk of failure)
Press: ? - help, Shift-Dir - straight line, f/p - adder
Aim: an adder (chance to affect: 50%)
The adder resists with some effort.
The adder barely misses you.
You hit the adder.
The adder is lightly wounded.
The adder bites you.
You are lethally poisoned!
The adder poisons you!
You feel sick.
* * * LOW HITPOINT WARNING * * *
You feel sick.
* * * LOW HITPOINT WARNING * * *
You feel sick.
There is an open door here.
* * * LOW HITPOINT WARNING * * *
You feel sick.
There is a lethal amount of poison in your body!
* * * LOW HITPOINT WARNING * * *
You feel sick.
It was a potion of might.
You feel very mighty all of a sudden.
You die...

#####...).###...............#
#....#####.....##.#######
#.[.....................#
#####.###......#..##.##.#
###..###.#.......#..##.###
#...).##.##.###..........#
###.....##(##.#
##....##.#.###
#.......##.##รท#
#......#.#...#
##.###..###...@#
#.##.###.###.# ###..#
##..#####.# #.#....#.# #.#
..'.## ##.......# #.#..#.#.#
#.# ..'.# #..####S#
#....#.#.# #.# #####
#..####'######...#.# #.#
#..#.....# #####.# #.#
#..#.....# #.###.# #........#
#..)..# #.......## #######


You could see an adder.

Vanquished Creatures
  2 bats (D:1)
  2 endoplasms (D:1)
  2 giant cockroaches
  A goblin (D:2)
  4 kobolds (D:1)
  3 quokkas
  A ball python (D:1)
  A frilled lizard (D:1)
  A rat (D:1)
17 creatures vanquished.

Notes
Turn   | Place    | Note
-------+----------+-------------------------------------------
     0 | D:1      | Tyszek the Spriggan Enchanter began the quest for the Orb.
     0 | D:1      | Reached XP level 1. HP: 9/9 MP: 5/5
    93 | D:1      | Found a faded altar of an unknown god.
   235 | D:1      | Reached skill level 5 in Stealth
   235 | D:1      | Reached XP level 2. HP: 13/13 MP: 6/6
   238 | D:1      | Learned a level 2 spell: Ensorcelled Hibernation
   799 | D:1      | Succumbed to an adder's poison

Illustrated notes

Levels and vault maps discovered:
D:1:      beargit_arrival_diablo_church, layout_basic, basic_ecumenical_altar
D:2:      cheibrodos_pilgrimage, layout_basic, uniq_natasha

Skill      XL: |  1 |
---------------+----+-----
Stealth        | 5 |  5.5
Short Blades   | |  1.9
Dodging        | |  2.6
Spellcasting   | |  2.6
Hexes          | |  3.6

Action                     || total
---------------------------++-------
  Melee: Dagger            ||    28
   Cast: Ensorcelled Hiber ||    11
    Use: Potion            ||     1
   Stab: Sleeping          ||    12
  Dodge: Dodged            ||    19
